AoeStats
← Dragon

Lombardia

507882135Analyzed
4v4 RM · 12d ago on Sep 20, 2026· 47m 44s· 8 players
Game mode
Random Map
Map size
Large (8 player)
Population
200
Speed
Normal
Resources
Standard
Victory
Conquest
Starting age
Dark Age
Ending age
Imperial Age
RankedLock teamsTeams togetherTeam positionsShared explorationLock speedFull tech treeHidden civsTurbo modeCheats
Victory
Defeat
🇺🇸 Hindustanis · United States
1385
+13
🇨🇦 Mapuche · Canada
1381
+14
🇹🇼 Huns · Taiwan
1373
+14
🇺🇸 Georgians · United States
1335
+16
🇩🇪 Goths · Germany
1341
-15
🇩🇪 Bulgarians · Germany
1327
-14
🇩🇪 Magyars · Germany
1326
-14
🇩🇪 Italians · Germany
1320
-14
alexisjcw
9:06 Feudal Age
8:54 Loom
12:06 Wheelbarrow
12:33 Scale Barding Armor
14:39 Forging
17:38 Horse Collar
23:30 Castle Age
21:47 Double-Bit Axe
25:02 Bloodlines
24:54 Husbandry
26:16 Gold Mining
28:22 Iron Casting
27:50 Heavy Plow
30:17 Chain Barding Armor
31:10 Bow Saw
31:05 Caravan
33:45 Hand Cart
33:18 Town Watch
35:46 Fletching
38:37 Imperial Age
38:56 Svan Towers
39:46 Conscription
39:32 Aznauri Cavalry
39:16 Elite Monaspa
40:21 Stone Mining
41:05 Crop Rotation
43:55 Plate Barding Armor
44:20 Blast Furnace
43:16 Bodkin Arrow
鸭子
9:56 Feudal Age
11:39 Loom
14:35 Castle Age
12:41 Double-Bit Axe
14:07 Gold Mining
15:35 Bow Saw
15:18 Horse Collar
20:27 Wheelbarrow
22:32 Heavy Plow
24:17 Scale Barding Armor
25:37 Forging
25:44 Hand Cart
27:25 Stone Mining
28:10 Gold Shaft Mining
28:24 Fletching
29:45 Bloodlines
29:38 Husbandry
32:52 Imperial Age
31:15 Chain Barding Armor
31:20 Ballistics
32:48 Iron Casting
32:54 Heavy Camel Rider
34:48 Chemistry
33:52 Padded Archer Armor
35:11 Blast Furnace
34:52 Conscription
34:22 Town Watch
34:39 Shatagni
35:10 Leather Archer Armor
35:43 Grand Trunk Road
36:40 Siege Engineers
38:11 Ring Archer Armor
40:05 Plate Barding Armor
38:53 Imperial Camel Rider
40:45 Bodkin Arrow
41:27 Thumb Ring
42:03 Bracer
42:38 Coinage
42:09 Caravan
46:55 Two-Man Saw
zhazhahui
9:02 Loom
10:47 Feudal Age
15:56 Castle Age
13:56 Double-Bit Axe
15:04 Horse Collar
17:38 Bow Saw
20:32 Heavy Plow
21:23 Fletching
22:49 Padded Archer Armor
24:32 Wheelbarrow
24:53 Bodkin Arrow
25:49 Leather Archer Armor
29:47 Hand Cart
29:18 Town Watch
29:36 Gold Mining
34:47 Imperial Age
33:22 Gold Shaft Mining
32:37 Stone Mining
34:14 Ballistics
36:27 Chemistry
36:01 Ring Archer Armor
34:55 Elite Bolas Rider
36:50 Crop Rotation
37:00 Stone Shaft Mining
37:16 Masonry
42:51 Malon
43:12 Conscription
43:00 Butalmapu
44:52 Hoardings
ivylin
8:45 Feudal Age
9:33 Loom
10:12 Double-Bit Axe
17:31 Castle Age
16:59 Fletching
17:47 Gold Mining
18:08 Bodkin Arrow
18:31 Bloodlines
19:42 Husbandry
21:25 Bow Saw
22:36 Ballistics
28:06 Padded Archer Armor
29:08 Thumb Ring
33:18 Wheelbarrow
36:07 Horse Collar
39:46 Hand Cart
43:19 Imperial Age
41:03 Scale Barding Armor
41:08 Forging
42:15 Gold Shaft Mining
42:11 Chain Barding Armor
42:10 Heavy Plow
43:59 Iron Casting
43:21 Cavalier
43:23 Capped Ram
45:21 Plate Barding Armor
44:14 Siege Ram
44:51 Paladin
49:08 Blast Furnace
Who am I
10:18 Feudal Age
11:15 Double-Bit Axe
11:11 Horse Collar
12:27 Wheelbarrow
12:44 Bloodlines
13:55 Loom
21:21 Castle Age
19:21 Gold Mining
20:53 Fletching
21:04 Padded Archer Armor
21:16 Scale Barding Armor
22:13 Bodkin Arrow
22:38 Bow Saw
22:30 Heavy Plow
22:55 Husbandry
25:56 Thumb Ring
32:09 Leather Archer Armor
32:16 Chain Barding Armor
34:04 Hand Cart
38:16 Ballistics
37:36 Treadmill Crane
40:55 Town Watch
42:30 Gold Shaft Mining
41:46 Stone Mining
lord-cherry
9:21 Loom
11:50 Feudal Age
18:34 Castle Age
17:32 Stone Mining
18:03 Double-Bit Axe
27:56 Bow Saw
33:42 Treadmill Crane
35:45 Stone Shaft Mining
35:10 Gold Mining
43:57 Imperial Age
43:53 Fletching
44:04 Padded Archer Armor
Dragon
11:09 Feudal Age
12:39 Double-Bit Axe
16:18 Loom
19:29 Castle Age
21:39 Bow Saw
21:15 Horse Collar
22:15 Wheelbarrow
22:03 Gold Mining
22:39 Stone Mining
25:24 Squires
24:44 Pikeman
29:29 Scale Mail Armor
29:40 Forging
36:33 Imperial Age
34:14 Scale Barding Armor
34:45 Iron Casting
34:27 Chain Mail Armor
35:50 Anarchy
40:30 Elite Huskarl
43:05 Blast Furnace
siggi-lok
5:35 Loom
12:56 Feudal Age
17:35 Castle Age
15:41 Double-Bit Axe
16:14 Horse Collar
21:42 Fletching
25:00 Scale Barding Armor
26:18 Forging
29:16 Padded Archer Armor
29:20 Elite Skirmisher
30:57 Leather Archer Armor
39:53 Thumb Ring
43:14 Imperial Age
42:08 Bodkin Arrow
42:41 Ballistics
42:18 Murder Holes
Connection lost

Rejoining the realm…

Still unreachable

The connection could not be restored.

Session expired

The server has moved on; the page needs a fresh start.